AoeStats
← riskybusiness69

Four Lakes

510169987Analyzed
1v1 RM · 3d ago on Sep 29, 2026· 33m 12s· 2 players
Game mode
Random Map
Map size
Tiny (2 player)
Population
200
Speed
Normal
Resources
Standard
Victory
Conquest
Starting age
Dark Age
Ending age
Imperial Age
RankedLock teamsTeams togetherTeam positionsShared explorationLock speedFull tech treeHidden civsTurbo modeCheats
Victory
Defeat
🇫🇷 Khmer · France
827
+35
🇺🇸 Turks · United States
819
-42
riskybusiness69
4:38 Loom
12:10 Feudal Age
12:35 Double-Bit Axe
21:56 Castle Age
20:22 Padded Archer Armor
22:26 Scale Mail Armor
23:43 Bloodlines
24:49 Leather Archer Armor
27:47 Chain Mail Armor
28:45 Scale Barding Armor
28:56 Horse Collar
29:14 Gold Mining
29:56 Bow Saw
30:39 Chain Barding Armor
33:13 Forging
Matio.FL
11:46 Feudal Age
13:20 Loom
13:53 Double-Bit Axe
13:59 Fishing Lines
16:54 Gold Mining
21:33 Castle Age
19:30 Fletching
21:46 Wheelbarrow
22:36 Crossbowman
24:31 Bodkin Arrow
26:46 Ballistics
27:56 Padded Archer Armor
28:57 Hand Cart
Connection lost

Rejoining the realm…

Still unreachable

The connection could not be restored.

Session expired

The server has moved on; the page needs a fresh start.